AoeStats
← meditator27

Arena

508526970Analyzed
4v4 RM · 9d ago on Sep 22, 2026· 39m 31s· 8 players
Game mode
Random Map
Map size
Large (8 player)
Population
200
Speed
Normal
Resources
Standard
Victory
Conquest
Starting age
Dark Age
Ending age
Imperial Age
RankedLock teamsTeams togetherTeam positionsShared explorationLock speedFull tech treeHidden civsTurbo modeCheats
Victory
Defeat
🇨🇱 Malay · Chile
1269
+16
🇨🇱 Berbers · Chile
1266
+16
🇨🇱 Teutons · Chile
1249
+16
🇨🇱 Italians · Chile
1241
+17
🇦🇷 Burgundians · Argentina
1272
-17
🇹🇼 Persians · Taiwan
1261
-16
🇭🇺 Random · Hungary
1259
-16
🇺🇸 Malians · United States
1253
-16
Alarich1000
11:14 Feudal Age
15:15 Castle Age
13:20 Loom
16:43 Double-Bit Axe
16:43 Horse Collar
22:07 Bow Saw
22:09 Heavy Plow
24:13 Wheelbarrow
31:23 Imperial Age
29:10 Gold Mining
29:10 Stone Mining
29:32 Fletching
29:42 Padded Archer Armor
31:02 Ballistics
30:57 Bodkin Arrow
31:17 Leather Archer Armor
32:05 Leather Archer Armor
31:20 Crossbowman
31:25 Elite Skirmisher
32:39 Conscription
32:58 Arbalester
34:01 Onager
35:11 Hand Cart
34:41 Town Watch
37:12 Thumb Ring
37:39 Bloodlines
37:29 Husbandry
36:51 Light Cavalry
38:53 Ring Archer Armor
38:36 Forging
38:32 Scale Barding Armor
39:00 Crop Rotation
twitch.tv/megafussion
6:59 Double-Bit Axe
11:24 Feudal Age
15:01 Castle Age
13:35 Bow Saw
13:47 Horse Collar
17:29 Loom
19:42 Wheelbarrow
24:11 Scale Barding Armor
24:17 Forging
24:59 Gold Mining
25:11 Heavy Plow
31:47 Hand Cart
32:23 Fletching
36:01 Imperial Age
33:36 Pikeman
34:16 Squires
34:54 Iron Casting
34:22 Scale Mail Armor
35:22 Crop Rotation
35:57 Two-Man Saw
34:44 Cavalier
35:25 Husbandry
36:04 Chain Barding Armor
36:02 Chain Mail Armor
35:35 Arson
36:08 Town Watch
36:06 Halberdier
37:25 Plate Barding Armor
37:22 Plate Mail Armor
36:35 Treadmill Crane
37:19 Conscription
37:31 Masonry
37:12 Paladin
37:13 Light Cavalry
38:00 Burgundian Vineyards
39:16 Gold Shaft Mining
meditator27
10:47 Feudal Age
14:26 Castle Age
12:44 Double-Bit Axe
12:49 Horse Collar
15:15 Bow Saw
18:50 Wheelbarrow
18:44 Loom
22:09 Hand Cart
23:51 Bloodlines
26:55 Gold Mining
30:23 Stone Mining
31:05 Scale Barding Armor
31:11 Forging
36:39 Fletching
szotyesz
10:12 Feudal Age
14:08 Castle Age
12:15 Double-Bit Axe
12:40 Loom
13:22 Horse Collar
21:41 Wheelbarrow
20:52 Town Watch
25:36 Bow Saw
25:27 Heavy Plow
29:14 Gold Mining
29:15 Stone Mining
29:42 Hand Cart
35:03 Imperial Age
34:18 Scale Mail Armor
34:28 Forging
35:04 Gold Shaft Mining
34:34 Town Patrol
35:46 Stone Shaft Mining
36:41 Conscription
36:40 Chain Mail Armor
37:01 Iron Casting
36:36 Squires
36:21 Arson
38:01 Fletching
38:42 Plate Mail Armor
38:11 Murder Holes
38:36 Ballistics
39:17 Chemistry
38:33 Elite Jomsviking
39:26 Bodkin Arrow
Julio_15
10:49 Feudal Age
14:25 Castle Age
12:46 Double-Bit Axe
13:13 Horse Collar
15:56 Bow Saw
18:46 Bloodlines
19:31 Gold Mining
21:26 Heavy Plow
22:11 Scale Barding Armor
23:46 Chain Barding Armor
24:11 Forging
25:40 Wheelbarrow
27:32 Iron Casting
30:37 Loom
35:55 Hand Cart
Beerfully
10:28 Feudal Age
14:18 Castle Age
12:58 Double-Bit Axe
13:20 Horse Collar
15:54 Bow Saw
16:05 Loom
18:16 Scale Barding Armor
22:22 Husbandry
23:40 Bloodlines
23:27 Gold Mining
25:38 Wheelbarrow
26:21 Forging
27:22 Town Watch
28:53 Iron Casting
31:54 Heavy Plow
35:06 Imperial Age
33:17 Fletching
34:10 Chain Barding Armor
34:25 Kasbah
34:22 Stone Mining
35:10 Heavy Camel Rider
36:56 Bodkin Arrow
39:19 Conscription
39:38 Fortified Wall
40:29 Chemistry
39:53 Ballistics
40:40 Chemistry
40:00 Ballistics
MurdeRgg
10:56 Feudal Age
11:59 Double-Bit Axe
15:24 Castle Age
14:08 Fletching
16:08 Bodkin Arrow
17:50 Horse Collar
18:21 Bow Saw
22:20 Padded Archer Armor
30:47 Imperial Age
28:41 Ballistics
30:02 Wheelbarrow
28:52 Elite Skirmisher
29:31 Gold Mining
32:28 Chemistry
31:44 Bracer
32:22 Thumb Ring
34:14 Leather Archer Armor
35:42 Ring Archer Armor
35:23 Forging
35:13 Scale Mail Armor
35:41 Arson
37:19 Scale Mail Armor
37:54 Iron Casting
40:04 Iron Casting
39:44 Chain Mail Armor
Kirintor
12:45 Feudal Age
16:12 Castle Age
14:23 Double-Bit Axe
17:09 Forging
24:59 Gold Mining
30:32 Bow Saw
30:10 Loom
31:17 Fletching
34:27 Imperial Age
33:11 Wheelbarrow
32:50 Horse Collar
33:02 Crossbowman
34:12 Bodkin Arrow
35:42 Conscription
36:03 Thumb Ring
37:24 Hand Cart
38:28 Bracer
39:53 Ballistics
Connection lost

Rejoining the realm…

Still unreachable

The connection could not be restored.

Session expired

The server has moved on; the page needs a fresh start.